 Dungeon Crawl Stone Soup version 0.21.0-25-ge575cb9 (webtiles) character file.

17 tidbits the Caller (level 2, 0/20 HPs)
             Began as a Gnoll Summoner on Jan 24, 2018.
             Slain by an orc wizard
             ... wielding a +2 dagger of speed
              (4 damage)
             ... on level 3 of the Dungeon.
             The game lasted 00:04:23 (509 turns).

tidbits the Caller (Gnoll Summoner)                  Turns: 509, Time: 00:04:23

Health: 0/20       AC:  2    Str: 10    XL:     2   Next: 62%
Magic:  5/7        EV: 20    Int: 17    God:
Gold:   78         SH:  0    Dex: 20    Spells: 7/10 levels left

rFire    . . .     SeeInvis .   g - +0 dagger
rCold    . . .     Gourm    .   (no shield)
rNeg     . . .     Faith    .   a - +0 robe
rPois    .         Spirit   .   (no helmet)
rElec    .         Reflect  .   (no cloak)
rCorr    .         Harm     .   (no gloves)
MR       .....                  (no boots)
Stlth    +++++.....             (no amulet)
HPRegen  0.06/turn              m - ring of stealth
MPRegen  0.10/turn              (no ring)

@: agile, about to teleport
A: distributed training, fangs 1, strong nose
a: no special abilities


You were on level 3 of the Dungeon.
You were not hungry.

You visited 1 branch of the dungeon, and saw 3 of its levels.

You collected 78 gold pieces.

Inventory:

Hand Weapons
 g - a +0 dagger (weapon)
Missiles
 d - 14 arrows
Armour
 a - a +0 robe (worn)
 f - a +0 ring mail
 j - a +0 buckler
Jewellery
 m - a ring of stealth (left hand)
   (You found it on level 1 of the Dungeon)
Scrolls
 e - 2 scrolls of teleportation
 h - a scroll of immolation {unknown}
 k - a scroll of remove curse {unknown}
 l - a scroll of identify {unknown}
 n - a scroll of fog {unknown}
Potions
 i - a potion of curing
Books
 b - a book of Callings

   Spells                             Type                      Level
   a - Summon Small Mammal            Summoning                    1
   b - Call Imp                       Summoning                    2
   c - Call Canine Familiar           Summoning                    3
   d - Summon Guardian Golem          Hexes/Summoning              3
   e - Summon Lightning Spire         Summoning/Air                4
   f - Summon Ice Beast               Ice/Summoning                4
Comestibles
 c - 2 rations


   Skills:
 + Level 0.4 Fighting
 + Level 0.4 Short Blades
 + Level 0.4 Long Blades
 + Level 0.4 Axes
 + Level 0.4 Maces & Flails
 + Level 0.4 Polearms
 + Level 0.4 Staves
 + Level 0.4 Slings
 + Level 0.4 Bows
 + Level 0.4 Crossbows
 + Level 0.4 Throwing
 + Level 0.4 Armour
 + Level 4.5 Dodging
 + Level 4.1 Stealth
 + Level 0.4 Shields
 + Level 0.4 Unarmed Combat
 + Level 4.9 Spellcasting
 + Level 0.2 Conjurations
 + Level 0.2 Hexes
 + Level 0.2 Charms
 + Level 7.0 Summonings
 + Level 0.2 Necromancy
 + Level 0.2 Translocations
 + Level 0.2 Transmutations
 + Level 0.2 Fire Magic
 + Level 0.2 Ice Magic
 + Level 0.2 Air Magic
 + Level 0.2 Earth Magic
 + Level 0.2 Poison Magic
 + Level 0.5 Invocations
 + Level 0.4 Evocations


You had 7 spell levels left.
You knew the following spells:

 Your Spells              Type           Power        Failure   Level  Hunger
a - Summon Small Mammal   Summ           ####         1%          1    None
i - Call Imp              Summ           ####....     1%          2    #......


Dungeon Overview and Level Annotations

Branches:
Dungeon (3/15)

Altars:


Innate Abilities, Weirdness & Mutations

Your experience applies equally to all skills.
You have very sharp teeth.
Your uncanny sense of smell can sniff out nearby items.


Message History

Your quokka closely misses the jackal.
The jackal barely misses your quokka. The jackal bites your quokka.
The jackal closely misses you.
Your quokka bites the jackal.
Your crimson imp blinks!
The jackal bites your quokka.
Your quokka dies!
Your quokka's corpse disappears in a puff of smoke!
Your quokka bites the jackal.
The jackal dies!
The jackal bites you.
You hit the jackal but do no damage. The jackal barely misses you.
Your quokka bites the jackal.
The jackal dies!
The jackal barely misses you. The jackal closely misses you.
Casting: Call Imp
Confirm with . or Enter, or press ? or * to list all spells.
Okay, then.
Your quokka barely misses the jackal.
Casting: Call Imp
Confirm with . or Enter, or press ? or * to list all spells.
Your quokka misses the jackal.
Your crimson imp barely misses the jackal.
The jackal bites you. The jackal misses you.
The jackal bites you but does no damage.
The jackal bites you.
Your quokka bites the jackal but does no damage.
Your crimson imp misses the jackal.
Your quokka barely misses the jackal.
You hit the jackal but do no damage.
The jackal is lightly wounded.
The jackal completely misses you. The jackal misses you.
Your quokka bites the jackal.
Your quokka misses the jackal.
Your crimson imp blinks!
You barely miss the jackal.
The jackal is moderately wounded.
The jackal closely misses you.
The jackal bites you but does no damage.
Your quokka bites the jackal.
Your quokka closely misses the jackal.
The jackal misses your quokka. The jackal closely misses you.
You hit the jackal but do no damage.
The jackal is almost dead.
Your quokka bites the jackal but does no damage.
Your quokka bites the jackal.
The jackal bites your quokka but does no damage.
You hit the jackal but do no damage.
The jackal is severely wounded.
The jackal barely misses you.
The jackal bites your quokka but does no damage.
Your quokka barely misses the jackal.
Your quokka closely misses the jackal.
You closely miss the jackal.
The jackal is severely wounded.
The jackal bites you.
* * * LOW HITPOINT WARNING * * *
The jackal closely misses your quokka.
Your quokka bites the jackal but does no damage.
Your quokka bites the jackal.
The jackal dies!
The jackal closely misses you.
Your quokka barely misses the jackal.
You hit the jackal but do no damage.
The jackal is severely wounded.
The jackal barely misses you.
Your quokka barely misses the jackal. x2
You barely miss the jackal.
The jackal is severely wounded.
The jackal closely misses you.
Your quokka bites the jackal.
The jackal dies!
You open the door.
You swap places.
You enter a teleport trap!
The teleport trap disappears.
Your surroundings suddenly seem different. 4 orcs come into view.
An orc is wielding a mace of crushing.
The orc shouts!
The orc wizard shouts!
The orc shouts! x3
The orc wizard hits you with a dagger of speed.
* * * LOW HITPOINT WARNING * * *
The orc hits you from afar with a trident!
* * * LOW HITPOINT WARNING * * *
The orc misses you.
It was a potion of curing.
You feel better.
The orc wizard hits you but does no damage.
The orc hits you with a mace of crushing.
* * * LOW HITPOINT WARNING * * *
x2 The orc barely misses you.
The orc hits you but does no damage.
It was a potion of agility.
You feel agile all of a sudden.
The orc wizard casts a spell.
The orc wizard seems to speed up.
The orc misses you. The orc barely misses you. x2
Press: ? - help, v - describe, . - travel
Here: an orc wizard, wielding a dagger of speed and wearing a robe (fast)
The floor.
Reduced exclusion size to a single square.
Removed exclusion.
As you read the scroll labeled GUNOPAORIQ, it crumbles to dust.
You feel strangely unstable.
It was a scroll of teleportation.
The orc wizard closely misses you. The orc barely misses you. x2
The orc wizard completely misses you.
The orc hits you with a mace of crushing.
* * * LOW HITPOINT WARNING * * *
x2 The orc wizard hits you with a dagger of speed.
You die...

5#......#####.# .#
.#............#####.#
r#.........###......#
.5.........# #......#
'##........#
#......####
..h...<#+#####.........
...##...........o...#
...##...........ooo.#
...##...........@o..#
#####...............#
#................#
#.........##+#......
#.........# ......
#.........# ##.#..#
#.....[$..# #####
###########


You could see an orc wizard and 4 orcs.

Vanquished Creatures
  2 goblins (D:2)
  A hobgoblin (D:1)
  2 bats (D:1)
  A kobold (D:1)
  2 rats
8 creatures vanquished.

Vanquished Creatures (collateral kills)
  A dart slug (D:1)
  2 goblins
  4 jackals (D:3)
  A ball python (D:1)
  2 bats
  3 kobolds (D:1)
  A rat (D:2)
14 creatures vanquished.

Grand Total: 22 creatures vanquished

Notes
Turn   | Place    | Note
-------+----------+-------------------------------------------
     0 | D:1      | tidbits the Gnoll Summoner began the quest for the Orb.
     0 | D:1      | Reached XP level 1. HP: 13/13 MP: 6/6
   191 | D:1      | Reached XP level 2. HP: 18/19 MP: 5/7
   207 | D:1      | Learned a level 2 spell: Call Imp
   509 | D:3      | Slain by an orc wizard

Action                   || total
-------------------------++-------
Melee: Unarmed           ||    10
       Dagger            ||    29
       Bite              ||     4
 Cast: Summon Small Mamm ||    20
       Call Imp          ||     1
  Use: Potion            ||     2
       Scroll            ||     1
 Stab: Distracted        ||     1
       Sleeping          ||     1
Armor: Robe              ||    11
Dodge: Dodged            ||    50

Table legend:
 A = Turns spent in this place as a percentage of turns spent in the entire game.
 B = Non-inter-level travel turns spent in this place as a percentage of non-inter-level travel turns spent in the entire game.
 C = Inter-level travel turns spent in this place as a percentage of turns spent in this place.
 D = Turns resting spent in this place as a percentage of non-inter-level travel turns spent in this place.
 E = Turns spent auto-exploring this place as a percentage of non-inter-level travel turns spent in this place.
 F = Non-inter-level travel turns spent in this place divided by the number of levels of this place that you've seen.
                   A       B       C       D       E      F
               +-------+-------+-------+-------+-------+----------------------
         Total | 100.0 | 100.0 |   0.0 |   0.0 |   0.0 | 169.7
       Dungeon | 100.0 | 100.0 |   0.0 |   0.0 |   0.0 | 169.7
               +-------+-------+-------+-------+-------+----------------------

Table legend:
 A = Kills in this place as a percentage of kills in entire the game.
 B = Kills by you in this place as a percentage of kills by you in the entire game.
 C = Kills by friends in this place as a percentage of kills by friends in the entire game.
 D = Other kills in this place as a percentage of other kills in the entire game.
 E = Experience gained in this place as a percentage of experience gained in the entire game.
 F = Experience gained in this place divided by the number of levels of this place that you have seen.
                   A       B       C       D       E      F
               +-------+-------+-------+-------+-------+----------------------
         Total | 100.0 | 100.0 | 100.0 |   N/A | 100.0 |   8.3
       Dungeon | 100.0 | 100.0 | 100.0 |   N/A | 100.0 |   8.3
               +-------+-------+-------+-------+-------+----------------------

Vault maps used:
D:1:      dpeg_arrival_tiny_b
D:2:      kennysheep_generic_room_16, uniq_robin
D:3:      uniq_crazy_yiuf_cottage
